 Dungeon Crawl Stone Soup version 0.30.1-11-g7821555f0a (webtiles) character file.

Game seed: 9295484653350179428

3454 booth the Nimble (level 9, -1/63 HPs)
             Began as a Demonspawn Monk on Nov 1, 2023.
             Was a Believer of Hepliaklqana.
             Slain by a yak (15 damage)
             ... on level 7 of the Dungeon on Nov 2, 2023.
             The game lasted 00:40:40 (6094 turns).

booth the Nimble (Demonspawn Monk)                  Turns: 6094, Time: 00:40:41

Health: -1/63      AC:  7    Str: 15    XL:     9   Next: 78%
Magic:  9/9        EV: 16    Int: 11    God:    Hepliaklqana [**....]
Gold:   375        SH:  0    Dex: 17    Spells: 8/8 levels left

rFire   . . .        f - +7 quarterstaff of Xung {vamp, rPois rC+ Stlth+}
rCold   + . .        (shield currently unavailable)
rNeg    . . .        n - +1 leather armour
rPois   +            A - +0 hat
rElec   .            m - +2 cloak
rCorr   .            (no gloves)
SInv    .            (no boots)
Will    .....        (no amulet)
Stlth   ++           s - +4 ring of slaying
HPRegen 0.30/turn    (no ring)
MPRegen 0.11/turn

%: no passive effects
@: studying Dodging
A: reduced essence, hooves 1, horns 2, ignite blood 2, spiny 1
a: Renounce Religion, Recall Ancestor, Ancestor Identity


You were on level 7 of the Dungeon.
You worshipped Hepliaklqana.
Hepliaklqana was pleased with you.
You visited 2 branches of the dungeon, and saw 8 of its levels.

You collected 375 gold pieces.

Inventory:

Hand Weapons
 a - a +0 hand axe
 f - the +7 quarterstaff of Xung (weapon) {vamp, rPois rC+ Stlth+}
   (You found it on level 3 of the Dungeon)

   rC:        It protects you from cold.
   rPois:     It protects you from poison.
   Stlth:     It makes you more stealthy.
 i - a +2 mace of draining
Missiles
 u - 5 javelins (quivered)
 y - a curare-tipped dart
 z - 8 poisoned darts
Armour
 d - an orb of light
 j - a +0 ring mail
 m - a +2 cloak (worn)
 n - a +1 leather armour (worn)
 A - a +0 hat (worn)
Jewellery
 h - a ring of ice
 s - a +4 ring of slaying (left hand)
 B - a ring of magical power
Wands
 g - a wand of flame (28)
Scrolls
 k - 2 scrolls of fear
 l - 7 scrolls of teleportation
 q - a scroll of poison
 w - a scroll of noise {unknown}
 C - 3 scrolls of acquirement {unknown}
Potions
 b - 2 potions of mutation
 c - 4 potions of attraction
 e - a potion of berserk rage
 o - 2 potions of cancellation
 p - 3 potions of heal wounds
 r - a potion of might {unknown}
 t - a potion of haste {unknown}
 v - a potion of flight


   Skills:
 + Level 6.9 Fighting
 - Level 5.1(6.1) Axes
 + Level 5.1(6.7) Maces & Flails
 + Level 3.9(5.2) Staves
 + Level 5.5 Throwing
 + Level 8.3 Dodging


You had 8 spell levels left.
You didn't know any spells.
Your spell library contained the following spells:

 Spells                   Type           Power      Damage    Failure   Level
 Poisonous Vapours        Pois/Air       0%         N/A       54%         2
 Hailstorm                Conj/Ice       0%         3d3       78%         3
 Mephitic Cloud           Conj/Pois/Air  0%         N/A       78%         3
 Ice Form                 Ice/Tmut       0%         N/A       99%         4
 Freezing Cloud           Conj/Ice/Air   0%         6-21      100%        5
 Simulacrum               Ice/Necr       0%         N/A       100%        6


Dungeon Overview and Level Annotations

Branches:
Dungeon (7/15)             Temple (1/1) D:6

Altars:
Cheibriados
Dithmenos
Fedhas
Gozag
Hepliaklqana
Kikubaaqudgha
Makhleb
Nemelex Xobeh
Okawaru
Qazlal
Ru
Sif Muna
Trog
Uskayaw
Vehumet
Wu Jian
Xom
Yredelemnul

Shops:
D:5 (   D:6 :

Annotations:
D:3 1 runed translucent door, Laveh's ghost, amateur MiFi


Innate Abilities, Weirdness & Mutations

Your life essence is reduced to manifest your ancestor. (-10% HP)
You have large cloven feet.
You have a pair of horns on your head.
Your demonic aura often causes spilled blood to erupt in flames.
You are partially covered in sharp spines.


Message History

The boulder beetle is moderately wounded.
The boulder beetle misses you.
The orc wizard mumbles some strange words.
The orc wizard flickers and vanishes!
Deactivating autopickup; reactivate with Ctrl-A.
The yak closely misses you. The yak misses you.
You hit the boulder beetle but do no damage.
You kick the boulder beetle, but do no damage.
The boulder beetle is moderately wounded.
The boulder beetle is struck by your spines.
The boulder beetle bites you. Something hits you.
The yak is struck by your spines. The yak barely misses you.
The yak closely misses you.
You hit the boulder beetle but do no damage.
You headbutt the boulder beetle, but do no damage.
The boulder beetle is moderately wounded.
The boulder beetle bites you! Something barely misses you. The yak gores you.
The yak is struck by your spines. The yak gores you.
The yak attacks as you move away! The yak is struck by your spines.
The yak gores you. The boulder beetle misses you. Something hits you.
The yak closely misses you.
You see here a yak corpse.
You closely miss something. Your kick misses something.
The boulder beetle closely misses you. Something hits you.
The yak barely misses you. The yak gores you!
You sock something! Your kick misses something. You headbutt something.
Reactivating autopickup.
You feel a bit more experienced.
The boulder beetle completely misses you.
The yak misses you. The yak barely misses you.
You sock the yak! You kick the yak. You headbutt the yak.
The yak is severely wounded.
The boulder beetle bites you!
* * * LOW HITPOINT WARNING * * *
The yak is struck by your spines. The yak gores you but does no damage.
The yak is struck by your spines. The yak misses you.
You feel much better. The boulder beetle bites you!!
* * * LOW HITPOINT WARNING * * *
The yak gores you!
You die...

.#8#..# .###..# ......##
#####..######
....##......## ###########
..)..........## #..........
..............###.#...>...(
...).>.........BYY.........
....)...........@☼.........
...)..........###..#.......
.....<........# #.##.......
.............## #.# .......
.............# #.# .o>..o.
.............( ... ...
.............. ...
###.......... ..
#..........


You could see a boulder beetle and 2 yaks.

Vanquished Creatures
  Pikel (D:6)
  Prince Ribbit (D:6)
  4 yaks (D:7)
  A human (D:7)
  Edmund (D:4)
  2 water moccasins
  An ice beast (D:6)
  2 black bears
  A kobold brigand (D:6)
  4 phantoms
  A bullfrog (D:4)
  3 scorpions
  A wight (D:4)
  2 howler monkeys (D:6)
  2 hounds
  3 jellies
  An orc priest (D:5)
  2 sleepcaps (D:6)
  4 orc wizards
  Natasha (thrice) (D:4)
  Robin (D:4)
  5 adders
  A worm (D:2)
  4 dart slugs
  18 orcs
  10 endoplasms
  2 giant cockroaches
  11 goblins
  15 hobgoblins
  3 quokkas (D:1)
  11 ball pythons
  6 bats
  7 frilled lizards
  12 kobolds
  6 rats
152 creatures vanquished.

Vanquished Creatures (collateral kills)
  A human (D:7)
  A lemure (D:6)
  An orc priest (D:6)
  3 gnolls (D:6)
  4 orcs
10 creatures vanquished.

Vanquished Creatures (others)
  A battlemage (D:7)
1 creature vanquished.

Grand Total: 163 creatures vanquished

Notes
Turn   | Place    | Note
-------+----------+-------------------------------------------
     0 | D:1      | booth the Demonspawn Monk began the quest for the Orb.
     0 | D:1      | Reached XP level 1. HP: 18/18 MP: 1/1
   217 | D:1      | Discovered your monstrous ancestry.
   217 | D:1      | Gained mutation: You have a pair of small horns on your
                  | head. [demonic ancestry]
   217 | D:1      | Reached XP level 2. HP: 23/24 MP: 2/2
   976 | D:2      | Gained mutation: You have large cloven feet. [demonic
                  | ancestry]
   976 | D:2      | Reached XP level 3. HP: 29/29 MP: 3/3
   987 | D:2      | Reached skill level 3 in Dodging
  1068 | D:2      | Noticed a phantom
  1087 | D:2      | Killed a phantom
  1088 | D:2      | Reached skill level 1 in Throwing
  1088 | D:2      | Reached XP level 4. HP: 11/36 MP: 4/4
  1424 | D:2      | Reached XP level 5. HP: 36/42 MP: 5/5
  1949 | D:3      | Found a bloodstained altar of Trog.
  1957 | D:3      | Found a blossoming altar of Fedhas.
  2197 | D:3      | Identified the +7 quarterstaff of Xung {vamp, rPois rC+
                  | Stlth+}
  2594 | D:3      | Found a runed translucent door.
  2602 | D:3      | Noticed Laveh's ghost (amateur MiFi)
  2641 | D:3      | Found a burning altar of Makhleb.
  2869 | D:3      | Found a faded altar of an unknown god.
  3156 | D:4      | Found a stormy altar of Qazlal.
  3165 | D:4      | Noticed Natasha
  3174 | D:4      | Killed Natasha
  3175 | D:4      | Reached skill level 1 in Maces & Flails
  3335 | D:4      | Gained mutation: You are partially covered in sharp spines.
                  | [demonic ancestry]
  3335 | D:4      | Reached XP level 6. HP: 40/48 MP: 6/6
  3384 | D:4      | Reached skill level 4 in Dodging
  3534 | D:4      | Identified the +1 helmet of Circular Logic {Int+2}
  3534 | D:4      | Noticed Robin
  3541 | D:4      | Killed Robin
  3553 | D:4      | Gained mutation: Your demonic aura sometimes causes spilled
                  | blood to erupt in flames. [demonic ancestry]
  3553 | D:4      | Reached XP level 7. HP: 55/55 MP: 7/7
  3654 | D:4      | Noticed Natasha
  3669 | D:4      | Killed Natasha
  3721 | D:4      | Noticed Edmund
  3727 | D:4      | Killed Edmund
  3731 | D:4      | Noticed Natasha
  3735 | D:4      | Killed Natasha
  3945 | D:5      | Entered Level 5 of the Dungeon
  4061 | D:5      | Reached skill level 5 in Dodging
  4119 | D:5      | Reached skill level 5 in Fighting
  4407 | D:5      | Reached skill level 5 in Axes
  4407 | D:5      | Gained mutation: You have a pair of horns on your head.
                  | [demonic ancestry]
  4407 | D:5      | Reached XP level 8. HP: 62/62 MP: 8/8
  4787 | D:5      | Found Hidipawy's Weapon Shop.
  4998 | D:6      | Found Luurehon's Book Boutique.
  5101 | D:6      | Reached skill level 1 in Staves
  5104 | D:6      | Reached skill level 6 in Dodging
  5141 | D:6      | Noticed Prince Ribbit
  5154 | D:6      | Killed Prince Ribbit
  5231 | D:6      | Gained mutation: Your demonic aura often causes spilled
                  | blood to erupt in flames. [demonic ancestry]
  5231 | D:6      | Reached XP level 9. HP: 69/69 MP: 9/9
  5234 | D:6      | Found a staircase to the Ecumenical Temple.
  5248 | Temple   | Entered the Ecumenical Temple
  5519 | Temple   | Became a worshipper of Hepliaklqana the Forgotten
  5519 | Temple   | Reached * piety under Hepliaklqana
  5519 | Temple   | Reached ** piety under Hepliaklqana
  5520 | Temple   | Remembered your ancestor Milas as a battlemage
  5561 | D:6      | Reached skill level 7 in Dodging
  5798 | D:6      | Noticed Pikel
  5807 | D:6      | Killed Pikel
  5882 | D:6      | Found a radiant altar of Vehumet.
  5967 | D:7      | Reached skill level 5 in Throwing
  5983 | D:7      | Found an iron altar of Okawaru.
  6069 | D:7      | Noticed a boulder beetle
  6081 | D:7      | Reached skill level 8 in Dodging
  6082 | D:7      | Reached skill level 5 in Maces & Flails
  6094 | D:7      | Slain by a yak

Illustrated notes

Levels and vault maps discovered:
D:1:      dpeg_chamrin_arrival_tetris, layout_basic, st_stairs_12
D:2:      layout_basic, serial_forest, infiniplex_forest_lined_2,
          infiniplex_forest_clump_small, infiniplex_forest_pool,
          infiniplex_forest_lined_room_, infiniplex_forest_end_3
D:3:      minmay_inner_zag, layout_loops_ring, zin_academy, lemuel_doored_altar,
          lemuel_crystal_altar, mainiacjoe_overflow_concentric_impassable,
          shapermc_ecumenical_altar_mp_urbaneastern,
          ebering_ghost_reflecting_pool, fountainhead
D:4:      layout_loops_cross, nicolae_overflow_crystal_walls,
          minmay_manual_mess, uniq_natasha, uniq_robin, uniq_edmund
D:5:      layout_gridville, serial_shops, nicolae_shop_real_fake_doors
D:6:      layout_rooms, kennysheep_little_box, temple_statues, serial_shops,
          nicolae_shop_waterfront, uniq_prince_ribbit1, uniq_pikel
D:7:      layout_rooms, ashenzari_conservatory_becter, okawaru_humans,
          dreamdust_gnoll_shepherd
Temple:   minmay_temple_curvy_branch

Skill      XL: |  1  2  3  4  5  6  7  8  9 |
---------------+----------------------------+-----
Axes           | 3 4 5 |  5.1
Dodging        | 3 4 5 6 8 |  8.3
Throwing       | 1 2 3 4 5 |  5.5
Fighting       | 4 5 6 |  6.9
Maces & Flails | 1 2 4 5 |  5.1
Staves         | 2 3 |  3.9

Action                     |  1- 3 |  4- 6 |  7- 9 || total
---------------------------+-------+-------+-------++-------
  Melee: Hand axe          |    80 |    12 |       ||    92
         Headbutt          |    11 |    21 |    19 ||    51
         Kick              |     7 |    40 |    27 ||    74
         Mace              |       |    95 |       ||    95
         Quarterstaff      |       |    36 |    83 ||   119
         Unarmed           |       |       |     4 ||     4
  Throw: Boomerang         |       |    29 |       ||    29
         Javelin           |       |       |    17 ||    17
 Invoke: Ancestor Life: Ba |       |       |     1 ||     1
         Ancestor Identity |       |       |     1 ||     1
    Use: Scroll            |     4 |     5 |     5 ||    14
         Potion            |     2 |     2 |     4 ||     8
   Stab: Sleeping          |       |     2 |     1 ||     3
 Armour: Robe              |     7 |     3 |       ||    10
         Leather armour    |       |    18 |    19 ||    37
  Dodge: Dodged            |    46 |    54 |    66 ||   166
